 Dungeon Crawl Stone Soup version 0.12.3 (webtiles) character file.

347 Jack the Stinger (level 5, -2/31 HPs)
             Began as an Octopode Venom Mage on May 9, 2017.
             Slain by Sigmund
             ... wielding a +2,+1 scythe
              (22 damage)
             ... on Level 3 of the Dungeon.
             The game lasted 00:20:16 (4042 turns).

Jack the Stinger (Octopode Venom Mage)              Turns: 4042, Time: 00:20:16

HP  -2/31        AC  1     Str  8      XL: 5   Next: 44%
MP   2/10        EV 12     Int 18      God:
Gold 184         SH  0     Dex 12      Spells:  3 memorised,  2 levels left

Res.Fire  : . . .   See Invis. : .   o - +0 elf short sword
Res.Cold  : . . .   Warding    : .   (no shield)
Life Prot.: . . .   Conserve   : .   (helmet restricted)
Res.Poison: .       Res.Corr.  : .   (no amulet)
Res.Elec. : .       Clarity    : .   h - ring of wizardry
Sust.Abil.: . .     Spirit.Shd : .   k - ring of regeneration
Res.Mut.  : .       Stasis     : .   (no ring)
Res.Rott. : .       Ctrl.Telep.: .   (no ring)
Saprovore : . . .   Flight     : .   (no ring)
                                     (no ring)
                                     (no ring)
                                     (no ring)

@: confused, slightly resistant to hostile enchantments, fairly stealthy
A: almost no armour, amphibious, 8 rings, constrict 8, camouflage 1, AC +1
a: no special abilities


You were on level 3 of the Dungeon.
You were not hungry.

You visited 1 branch of the dungeon, and saw 3 of its levels.

You collected 164 gold pieces.

Inventory:

Hand weapons
 l - a +0,+0 whip
 o - a +0,+0 elven short sword (weapon)
Comestibles
 a - a rotting chunk of jackal flesh
 c - 9 bread rations
 j - a lychee
 r - a chunk of adder flesh
Scrolls
 d - a scroll of identify
 e - a scroll of magic mapping
 f - a scroll of enchant weapon II {unknown}
 g - a scroll of curse jewellery {unknown}
 m - 2 scrolls of amnesia
 n - a scroll of noise {unknown}
Jewellery
 h - a ring of wizardry (left tentacle)
 k - a ring of regeneration (right tentacle)
Potions
 i - 2 potions of might
Books
 b - a Young Poisoner's Handbook

   Spells                             Type                      Level
   *Sting                             Conjuration/Poison           1
   *Cure Poison                       Poison                       2
   Mephitic Cloud                     Conjuration/Poison/Air       3
   *Olgreb's Toxic Radiance           Poison                       4
   Venom Bolt                         Conjuration/Poison           5


   Skills:
 - Level 0.2 Fighting
 - Level 2.0 Dodging
 - Level 2.6 Stealth
 * Level 2.9 Spellcasting
 + Level 6.8 Poison Magic


You had 2 spell levels left.
You knew the following spells:

 Your Spells              Type           Power        Failure   Level  Hunger
a - Sting                 Conj/Pois      ###..        1%          1    None
b - Olgreb's Toxic Radia  Pois           #####....    4%          4    ####...
c - Cure Poison           Pois           #####.....   1%          2    ##.....


Dungeon Overview and Level Annotations

Branches:
Dungeon (3/27)

Altars:
Zin

Annotations
D:3 Sigmund


Innate Abilities, Weirdness & Mutations

You cannot wear most types of armour.
You are amphibious.
You can wear up to eight rings at the same time.
You can use your tentacles to constrict many enemies at once.
Your skin changes colour to match your surroundings (Stlth).
Your rubbery body absorbs attacks (AC +1).


Message History

Sigmund is severely wounded.
You constrict Sigmund. Sigmund barely misses you.
You hit Sigmund.
Sigmund is almost dead.
You constrict Sigmund. You hit Sigmund but do no damage.
Sigmund is almost dead.
You constrict Sigmund, but do no damage.
Sigmund hits you with a scythe!
You hit Sigmund but do no damage.
Sigmund is almost dead.
You constrict Sigmund. Sigmund misses you.
You hit Sigmund but do no damage.
Sigmund is almost dead.
You constrict Sigmund, but do no damage.
Sigmund casts a spell at you.
You are confused.
Ouch! You constrict Sigmund. Sigmund hits you with a scythe!
Ouch! That really hurt!
You die...

.#..##....>.............#######
.#............###.....###
.........#.#(####.###.#
..#....#.#.#...{....#.#
..#..%.#.#.######.#.#.#
.......#.....####.#.#.#
...........#.#.##.# ...
..#...####...#.##.# ..#
..#...####.....@@.# ..#
...#....##...#..### ...
##.#....##...#..#
........##......#
........##.#.##..
........##.#.#####
........#..... ..<.....#.....
........# ....


You could see Sigmund.

Vanquished Creatures
  4 gnolls (D:2)
  5 adders
  A giant mite (D:2)
  A worm (D:2)
  3 giant geckos
  An ooze (D:3)
  An orc (D:3)
  3 giant cockroaches
  7 goblins
  7 hobgoblins
  5 jackals
  5 kobolds
  A quokka (D:3)
  3 ball pythons
  6 bats
  5 giant newts
  9 rats
67 creatures vanquished.

Vanquished Creatures (others)
  A rat (D:1)
1 creature vanquished.

Grand Total: 68 creatures vanquished

Notes
Turn   | Place    | Note
--------------------------------------------------------------
     0 | D:1      | Jack, the Octopode Venom Mage, began the quest for the Orb.
     0 | D:1      | Reached XP level 1. HP: 11/11 MP: 3/3
     5 | D:1      | Noticed a polar bear
     5 | D:1      | Noticed a crocodile
   906 | D:1      | Reached skill level 5 in Poison Magic
  1175 | D:1      | Reached XP level 2. HP: 13/17 MP: 1/4
  1784 | D:1      | Reached XP level 3. HP: 19/21 MP: 3/5
  1925 | D:2      | Reached skill level 6 in Poison Magic
  2213 | D:2      | Reached XP level 4. HP: 27/27 MP: 5/7
  2593 | D:1      | Learned a level 4 spell: Olgreb's Toxic Radiance
  3185 | D:2      | Reached XP level 5. HP: 14/31 MP: 0/9
  3216 | D:2      | Learned a level 2 spell: Cure Poison
  3944 | D:3      | Found a glowing silver altar of Zin.
  3981 | D:3      | Noticed Sigmund
  4042 | D:3      | Slain by Sigmund

Action                   |  1- 3 |  4- 6 || total
-------------------------+-------+-------++-------
Melee: Unarmed           |    10 |       ||    10
       Club              |    42 |       ||    42
       Dagger            |     4 |    20 ||    24
       Short sword       |       |    24 ||    24
 Cast: Sting             |    28 |    45 ||    73
       Olgreb's Toxic Ra |       |     9 ||     9
       Cure Poison       |       |     3 ||     3
  Use: Scroll            |       |     4 ||     4
       Potion            |       |     1 ||     1
 Stab: Sleeping          |     3 |     1 ||     4
